 Dungeon Crawl Stone Soup version 0.29.0-4-gdea44cf6ec (webtiles) character file.

Game seed: 18195588673252315778

403 qw the Cleaver (level 6, -6/52 HPs)
             Began as a Minotaur Berserker on Sept 5, 2022.
             Was a Believer of Trog.
             Mangled by a gnoll sergeant
             ... wielding a +1 spear of flaming
              (10 damage)
             ... on level 4 of the Dungeon.
             The game lasted 00:00:59 (3167 turns).

qw the Cleaver (Minotaur Berserker)                 Turns: 3167, Time: 00:01:00

Health: -6/52      AC:  5    Str: 24    XL:     6   Next: 55%
Magic:  5/5        EV: 11    Int:  4    God:    Trog [**....]
Gold:   207        SH:  0    Dex:  9    Spells: 5/5 levels left

rFire   . . .      SeeInvis .   Y - +1 hand axe
rCold   . . .      Faith    .   (no shield)
rNeg    + . .      Spirit   .   e - +0 ring mail
rPois   .          Reflect  .   (helmet restricted)
rElec   .          Harm     .   (no cloak)
rCorr   .          Rampage  .   (no gloves)
Will    .....                   (no boots)
Stlth   ..........              (no amulet)
HPRegen 0.17/turn               a - ring of positive energy
MPRegen 0.09/turn               (no ring)

@: on berserk cooldown, slowed, very slow
A: horns 2, retaliatory headbutt
a: Renounce Religion, Berserk, Trog's Hand


You were on level 4 of the Dungeon.
You worshipped Trog.
Trog was pleased with you.
You visited 1 branch of the dungeon, and saw 4 of its levels.

You collected 207 gold pieces.


Innate Abilities, Weirdness & Mutations

You have a pair of horns on your head.
You reflexively headbutt those who attack you in melee.


   Skills:
 - Level 4.0 Fighting
 + Level 8.8 Axes
 - Level 2.4 Armour
 - Level 2.1 Dodging


You had 5 spell levels left.
You didn't know any spells.
Your spell library was empty.

Inventory:

Hand Weapons
 f - a +0 whip
 Y - a +1 hand axe (weapon)
Armour
 e - a +0 ring mail (worn)
Jewellery
 a - a ring of positive energy (left hand)
Scrolls
 c - a scroll of identify
 d - a scroll of enchant armour {unknown}
Potions
 b - a potion of curing
 i - 3 potions of might
 j - a potion of degeneration {unknown}
 k - a potion of flight {unknown}
 l - a potion of mutation {unknown}
 m - a potion of lignification {unknown}

Dungeon Overview and Level Annotations

Branches:
Dungeon (4/15)
 Temple: D:4-7

Altars:
Hepliaklqana

Shops:
D:2 (


Message History

The gnoll hits you from afar with a +0 spear of flaming.
The gnoll burns you.
You hit the gnoll sergeant but do no damage.
The gnoll sergeant hits you with a +1 spear of flaming.
The gnoll sergeant burns you.
The gnoll hits you from afar with a +0 spear of flaming.
The gnoll burns you.
The gnoll sergeant hits you with a +1 spear of flaming!
The gnoll sergeant burns you.
The gnoll hits you from afar with a +0 spear of flaming.
The gnoll burns you.
3162 ||| DRINKING potion of heal wounds.
You feel much better.
The gnoll sergeant hits you with a +1 spear of flaming.
The gnoll sergeant burns you.
The gnoll hits you from afar with a +0 spear of flaming.
The gnoll burns you.
You hit the gnoll sergeant but do no damage.
The gnoll sergeant hits you but does no damage.
The gnoll hits you from afar with a +0 spear of flaming.
The gnoll burns you.
You closely miss the gnoll sergeant. The gnoll sergeant barely misses you.
The gnoll hits you from afar with a +0 spear of flaming.
The gnoll burns you.
You hit the gnoll sergeant.
The gnoll sergeant is moderately wounded.
The gnoll sergeant closely misses you. The gnoll barely misses you.
The gnoll sergeant misses you.
The gnoll hits you from afar with a +0 spear of flaming!
The gnoll burns you.
You barely miss the gnoll sergeant. You headbutt the gnoll sergeant!
The gnoll sergeant is heavily wounded.
The gnoll sergeant misses you.
The gnoll hits you from afar with a +0 spear of flaming.
The gnoll burns you.
You hit the gnoll sergeant but do no damage.
The gnoll sergeant is heavily wounded.
The gnoll sergeant hits you with a +1 spear of flaming!
You die...

## .# ##### #. ..#
..... g. ... ..# #####
#. #.# #># #. #. #.#
#.# #. #. #g# #.# #
#.###.##g# #?#
#.....)@.# #.#
#####.##)####.########
#. #............<. #.
######.######## .. #.#
## #.### #...# ###.#
#.#


You could see a gnoll sergeant and a gnoll.

Vanquished Creatures
  Sigmund (D:2)
  A black bear (D:3)
  7 adders
  2 gnolls (D:4)
  2 dart slugs
  5 orcs (D:3)
  3 endoplasms
  2 giant cockroaches
  9 goblins
  5 hobgoblins
  5 kobolds
  A quokka (D:2)
  7 ball pythons
  5 bats
  2 frilled lizards
  9 rats
66 creatures vanquished.

Vanquished Creatures (others)
  2 plants (D:2)
2 creatures vanquished.

Grand Total: 68 creatures vanquished

Notes
Turn   | Place    | Note
-------+----------+-------------------------------------------
     0 | D:1      | qw the Minotaur Berserker began the quest for the Orb.
     0 | D:1      | Reached XP level 1. HP: 19/19 MP: 0/0
     0 | D:1      | 0 ||| qw: Version: 0.1-a-104-g96f76f8
     0 | D:1      | 0 ||| qw: Game counter: 5998
     0 | D:1      | 0 ||| qw: Always use a shield: true
     0 | D:1      | 0 ||| qw: Do Orc after D:15 true
     0 | D:1      | 0 ||| qw: Do second Lair branch before Depths: true
     0 | D:1      | 0 ||| qw: Lair rune preference: random
     0 | D:1      | 0 ||| qw: Plans: Normal
     0 | D:1      | 0 ||| PLANNING D:1-11
     2 | D:1      | Noticed a spriggan
     4 | D:1      | Noticed a ghoul
     4 | D:1      | Noticed a formicid
     6 | D:1      | Noticed a vine stalker
     6 | D:1      | Noticed a gargoyle
     8 | D:1      | Noticed a merfolk
     8 | D:1      | Noticed a vampire
    10 | D:1      | Noticed a troll
    10 | D:1      | Noticed a minotaur
    12 | D:1      | Noticed a palentonga
    12 | D:1      | Noticed an elf
    14 | D:1      | Noticed a draconian
    14 | D:1      | Noticed a meteoran
    16 | D:1      | Noticed a demigod
    16 | D:1      | Noticed a naga
    20 | D:1      | Noticed an ogre
    20 | D:1      | Noticed a human
    22 | D:1      | Noticed an octopode
    22 | D:1      | Noticed a tengu
    24 | D:1      | Noticed a demonspawn
    24 | D:1      | Noticed a felid
    26 | D:1      | Noticed a palentonga
    26 | D:1      | Noticed an octopode
    47 | D:1      | 47 ||| Stepping ~*~*~tactically~*~*~ (stealth).
    71 | D:1      | Reached skill level 4 in Axes
   454 | D:1      | Reached XP level 2. HP: 26/26 MP: 1/1
   488 | D:1      | 488 ||| Stepping ~*~*~tactically~*~*~ (hiding).
   590 | D:1      | 590 ||| Stepping ~*~*~tactically~*~*~ (hiding).
   692 | D:1      | 692 ||| Stepping ~*~*~tactically~*~*~ (hiding).
   794 | D:1      | 794 ||| Stepping ~*~*~tactically~*~*~ (hiding).
  1283 | D:1      | 1283 ||| UPGRADING to +0 leather armour.
  1293 | D:1      | 1293 ||| DROPPING +0 animal skin.
  1294 | D:1      | 1294 ||| UPGRADING to +0 ring mail.
  1304 | D:1      | 1304 ||| DROPPING +0 leather armour.
  1305 | D:1      | 1305 ||| READING scroll labelled BIUNASS BACK.
  1306 | D:1      | 1306 ||| READING scroll labelled VUHAUT LUES.
  1307 | D:1      | 1307 ||| DRINKING 2 lumpy blue potions.
  1308 | D:1      | 1308 ||| DRINKING 2 murky puce potions.
  1377 | D:2      | 1377 ||| STAIRDANCE
  1418 | D:2      | 1418 ||| Stepping ~*~*~tactically~*~*~ (stealth).
  1422 | D:2      | Reached skill level 5 in Axes
  1422 | D:2      | Reached XP level 3. HP: 31/31 MP: 2/2
  1470 | D:2      | 1470 ||| Stepping ~*~*~tactically~*~*~ (stealth).
  1476 | D:2      | 1476 ||| Stepping ~*~*~tactically~*~*~ (stealth).
  1482 | D:2      | 1482 ||| Stepping ~*~*~tactically~*~*~ (stealth).
  1483 | D:2      | 1483 ||| Stepping ~*~*~tactically~*~*~ (stealth).
  1593 | D:2      | Noticed Sigmund
  1594 | D:2      | 1594 ||| INVOKING Berserk.
  1596 | D:2      | Killed Sigmund
  1597 | D:2      | Reached skill level 7 in Axes
  1597 | D:2      | Reached XP level 4. HP: 39/39 MP: 3/3
  1597 | D:2      | Reached XP level 5. HP: 45/45 MP: 4/4
  1809 | D:2      | Reached ** piety under Trog
  1815 | D:2      | 1815 ||| DROPPING +0 club.
  1819 | D:2      | Found a faded altar of an unknown god.
  2105 | D:2      | Found Duqias's Antique Weapon Shoppe.
  2364 | D:2      | 2364 ||| READING scroll labelled BOMOOPN DILA.
  2365 | D:2      | 2365 ||| READING scroll labelled LIBEWUAPTAU.
  2388 | D:3      | Reached skill level 8 in Axes
  2388 | D:3      | Reached XP level 6. HP: 48/52 MP: 5/5
  2477 | D:3      | 2477 ||| Stepping ~*~*~tactically~*~*~ (stealth).
  2561 | D:3      | 2561 ||| Stepping ~*~*~tactically~*~*~ (stealth).
  2568 | D:3      | 2568 ||| Stepping ~*~*~tactically~*~*~ (stealth).
  2737 | D:3      | 2737 ||| INVOKING Berserk.
  3005 | D:3      | Found a hazy altar of Hepliaklqana.
  3007 | D:3      | 3007 ||| UPGRADING to ring of positive energy.
  3008 | D:3      | 3008 ||| READING scroll labelled XYLINICECI.
  3009 | D:3      | 3009 ||| READING scroll labelled ESYB DUROACHAE.
  3010 | D:3      | 3010 ||| READING 3 scrolls of identify.
  3010 | D:3      | 3010 ||| IDENTIFYING lumpy green potion
  3011 | D:3      | 3011 ||| READING 2 scrolls of identify.
  3011 | D:3      | 3011 ||| IDENTIFYING fuming orange potion
  3012 | D:3      | 3012 ||| DROPPING potion of brilliance.
  3033 | D:4      | 3033 ||| PLANNING OSSUARY
  3142 | D:4      | 3142 ||| INVOKING Berserk.
  3157 | D:4      | 3157 ||| Stepping ~*~*~tactically~*~*~ (hiding).
  3158 | D:4      | 3158 ||| Stepping ~*~*~tactically~*~*~ (stealth).
  3159 | D:4      | 3159 ||| Stepping ~*~*~tactically~*~*~ (hiding).
  3161 | D:4      | HP: 13/52 [gnoll sergeant/+1 spear of flaming (3)]
  3162 | D:4      | 3162 ||| DRINKING potion of heal wounds.
  3166 | D:4      | HP: 5/52 [gnoll/+0 spear of flaming[a gnoll sergeant] (2)]
  3167 | D:4      | Mangled by a gnoll sergeant

Levels and vault maps discovered:
D:1:      kb_arrival_jail, layout_basic
D:2:      layout_basic, serial_shops, nicolae_shop_overgrown_old_shop,
          hellmonk_ecumenical_altar_inner_sanctum, minivault_5, uniq_sigmund
D:3:      layout_rooms, lemuel_coloured_pillars_altar
D:4:      layout_loops_ring, mainiacjoe_overflow_24_doors, enter_ossuary_1,
          nicolae_wooded_promenade

Skill      XL: |  1  2  3  4  5 |
---------------+----------------+-----
Axes           | 4 5 7 8 |  8.8
Fighting       | 4 |  4.0
Armour         | |  2.4
Dodging        | |  2.1

Action                   |  1- 3 |  4- 6 || total
-------------------------+-------+-------++-------
Melee: Hand axe          |    52 |    93 ||   145
       Headbutt          |     2 |    13 ||    15
       Punch             |       |     1 ||     1
Invok: Berserk           |     1 |     2 ||     3
  Use: Scroll            |     2 |     6 ||     8
       Potion            |     2 |     1 ||     3
Armor: Animal skin       |     1 |       ||     1
       Ring mail         |    11 |    27 ||    38
Dodge: Dodged            |    31 |    36 ||    67

Table legend:
 A = Non-vault XP
 B = Vault XP
 C = Vault XP percentage of total XP
 D = Non-vault monster count
 E = Vault monster count
 F = Vault count percentage of total count
                 A         B        C        D         E       F
            +---------+---------+-------+---------+---------+-------
      Total |     350 |     226 |  39.2 |      65 |       1 |   1.5
            +---------+---------+-------+---------+---------+-------
        D:1 |      25 |       0 |   0.0 |      14 |       0 |   0.0
        D:2 |     114 |     226 |  66.5 |      26 |       1 |   3.7
        D:3 |     181 |       0 |   0.0 |      22 |       0 |   0.0
        D:4 |      30 |       0 |   0.0 |       3 |       0 |   0.0
            +---------+---------+-------+---------+---------+-------
